 Dungeon Crawl Stone Soup version 0.24-a0-358-g53aee78b01 (webtiles) character file.

Game seed: 16951212903469928102

162447 D1HalberdGnoll the Warrior (level 18, -1/151 HPs)
             Began as a Human Berserker on May 25, 2019.
             Was a High Priest of Trog.
             Slain by a naga warrior
             ... wielding a +0 halberd
              (11 damage)
             ... while paralysed
             ... on level 2 of the Snake Pit.
             The game lasted 00:49:26 (38310 turns).

D1HalberdGnoll the Warrior (Human Berserker)       Turns: 38310, Time: 00:49:27

Health: -1/151     AC: 19    Str: 24    XL:     18   Next: 44%
Magic:  25/25      EV: -1    Int:  4    God:    Trog [*****.]
Gold:   1530       SH:  0    Dex: 13    Spells: 17/17 levels left

rFire    + + .     SeeInvis +   x - +4 scimitar (flame)
rCold    + . .     Gourm    .   q - +2 shield of Resistance {rF+ rC+ MR+}
rNeg     . . .     Faith    .   O - +1 scale mail "Muacelim" {rElec rPois Regen+}
rPois    +         Spirit   .   T - +2 helmet {SInv}
rElec    +         Reflect  .   L - scarf {cloud immunity}
rCorr    .         Harm     .   p - +3 pair of gloves of the Failed Coup {+Blink rPois MR+++ Int-5}
MR       +++++                  (no boots)
Stlth    ..........             A - amulet of the acrobat
HPRegen  0.75/turn              s - ring of protection from fire
MPRegen  0.19/turn              M - ring of protection from magic

@: paralysed, lethally poisoned (-1 -> -3), berserk cooldown, fainting, slowed,
constricted
A: no striking features
a: Berserk, Trog's Hand, Brothers in Arms, Renounce Religion, Evoke Blink


You were on level 2 of the Snake Pit.
You worshipped Trog.
Trog was extremely pleased with you.
You were fainting.

You visited 5 branches of the dungeon, and saw 27 of its levels.
You also visited: Bailey.

You collected 3702 gold pieces.
You spent 2172 gold pieces at shops.

Inventory:

Hand Weapons
 x - a +4 scimitar of flaming (weapon)
Missiles
 e - 20 javelins (quivered)
 k - 9 throwing nets
Armour
 p - the +3 pair of gloves of the Failed Coup (worn) {+Blink rPois MR+++ Int-5}
   (You bought it in a shop on level 1 of the Orcish Mines)

   It affects your intelligence (-5).
   It protects you from poison.
   It affects your resistance to hostile enchantments.
   It lets you blink.
 q - the +2 shield of Resistance (worn) {rF+ rC+ MR+}
   (You bought it in a shop on level 1 of the Orcish Mines)

   It protects you from fire.
   It protects you from cold.
   It affects your resistance to hostile enchantments.
 L - a scarf of cloud immunity (worn)
 O - the +1 scale mail "Muacelim" (worn) {rElec rPois Regen+}
   (You found it on level 5 of the Lair of Beasts)

   It insulates you from electricity.
   It protects you from poison.
   It increases your rate of regeneration.
 T - a +2 helmet of see invisible (worn)
Jewellery
 s - a ring of protection from fire (left hand)
 A - an amulet of the acrobat (around neck)
 M - a ring of protection from magic (right hand)
Wands
 a - a wand of acid (28)
 n - a wand of enslavement (24)
 r - a wand of disintegration (45)
 v - a wand of polymorph (6)
 y - a wand of random effects (47)
 E - a wand of iceblast (11)
 G - a wand of digging (8)
 S - a wand of flame (10)
Scrolls
 b - 16 scrolls of remove curse
 g - a scroll of fear
 h - 14 scrolls of teleportation
 j - 8 scrolls of identify
 t - a scroll of holy word
 D - 4 scrolls of enchant armour
 F - 6 scrolls of magic mapping
 Q - 2 scrolls of enchant weapon
 U - a scroll of blinking
Potions
 d - 3 potions of might
 f - 3 potions of lignification
 i - 3 potions of agility
 l - 4 potions of flight
 m - a potion of mutation
 u - 10 potions of curing
 w - 4 potions of ambrosia
 z - 5 potions of haste
 B - 5 potions of brilliance
 C - a potion of berserk rage
 H - 3 potions of magic
 I - a potion of invisibility
 J - a potion of cancellation
 K - a potion of heal wounds
 P - a potion of resistance
Miscellaneous
 o - a lightning rod (4/4)
 N - a box of beasts
Comestibles
 c - 32 rations


   Skills:
 + Level 15.7 Fighting
 - Level 14.0 Long Blades
 - Level 14.0 Armour
 - Level 8.1 Dodging
 + Level 14.5 Shields
 - Level 10.0 Evocations


You had 17 spell levels left.
You didn't know any spells.
Your spell library was empty.

Dungeon Overview and Level Annotations

Branches:
Dungeon (15/15)            Temple (0/1) D:5            Lair (6/6) D:11
 Shoals (0/4) Lair:2        Snake (3/4) Lair:3        Slime (0/5) Lair:6
    Orc (2/2) D:9             Elf (1/3) Orc:2        Vaults (0/5) D:13
 Depths (0/5) D:15

Altars:
Ashenzari
Gozag
Kikubaaqudgha
Nemelex Xobeh
Okawaru
Qazlal
Trog
Yredelemnul

Shops:
D:3 *   D:6 *   D:12 !   D:13 [   Orc:1 ?[[:[   Orc:2 =[%*   Snake:1 *

Annotations:
D:10 3 runed translucent doors, Gumption's ghost, journeyman TrHu; krabocopter's ghost, journeyman GrFi
Snake:1 3 runed translucent doors, exclusion: obsidian statue, EnegeticOcto's ghost, journeyman MiVM


Message History

The naga warrior is almost dead.
You feel sick. The naga warrior barely misses you.
You riposte.
You hit the naga warrior. You burn the naga warrior.
The naga warrior is almost dead.
* * * LOW HITPOINT WARNING * * *
The naga warrior constricts you.
You barely miss the naga warrior.
The naga warrior is almost dead.
You lose consciousness!
You feel sick.
The naga warrior hits you with a +0 halberd.
* * * LOW HITPOINT WARNING * * *
x2 The naga warrior constricts you.
The naga warrior spits poison at you.
The splash of poison hits you but does no damage.
You are more poisoned.
You resist. The naga warrior constricts you.
You feel sick.
The naga warrior hits you with a +0 halberd!
You die...

##.....................
#....)))...............
#.....))...N...........
#.....))...............
#.......###............
#.......###............
##......###.##..........
#......N.#.####.........
##.....@..## #..........
##.......# #..........
#.......# #..........
#.......####..........
#........##...........
####...............)....
##..................†....
##........................
#.........................


You could see a naga warrior.

Vanquished Creatures
  Jorgrun (Orc:2)
  Gastronok (D:9)
  Kirke (D:13)
  A sphinx (D:14)
  A fire giant (D:14)
  Azrael (Snake:1)
  A deep elf annihilator (Elf:1)
  Snorg (D:13)
  Erolcha (Orc:2)
  Fannar (D:10)
  A fire dragon (Lair:6)
  4 vault guards (D:13)
  Harold (D:9)
  8 anacondas (Snake:1)
  5 naga warriors
  6 hydras
  Erica (D:8)
  3 centaur warriors (D:14)
  2 dancing weapons (Elf:1)
  10 two-headed ogres
  3 catoblepae (Lair:6)
  A queen ant (Lair:3)
  3 ogre magi
  6 death yaks (Lair:6)
  Urug (D:10)
  3 tengu warriors
  A deep troll earth mage (D:14)
  3 orc high priests (Orc:2)
  5 naga sharpshooters
  A deep elf knight (Elf:1)
  Nergalle (Lair:3)
  3 skeletal warriors (D:15)
  A wizard (D:15)
  A deep troll (D:14)
  2 salamander mystics
  An unseen horror (D:13)
  A deep elf archer (Elf:1)
  A necromancer (D:15)
  A wolf spider zombie (D:15)
  Pikel (D:3)
  5 orc knights
  3 naga ritualists
  6 orc sorcerers
  20 ugly things
  5 mana vipers
  16 deep elf magi
  11 salamanders
  7 manticores
  7 cyclopes
  18 black mambas
  11 naga magi
  2 gargoyles (D:15)
  An elephant (D:11)
  Maurice (Orc:2)
  2 guardian serpents
  6 centaur skeletons
  Psyche (D:8)
  9 spiny frogs
  9 rime drakes (Lair:6)
  3 efreet
  2 freezing wraiths
  7 komodo dragons
  A yaktaur (D:13)
  2 tengu conjurers (D:13)
  7 trolls
  4 meliai
  A wind drake (shapeshifter) (D:15)
  A queen bee (D:12)
  Prince Ribbit (D:6)
  3 slime creatures
  4 blink frogs (Lair:4)
  10 hippogriffs
  A redback (D:14)
  A vampire (D:11)
  A centaur simulacrum (D:15)
  2 air elementals (Elf:1)
  A shadow (D:15)
  6 basilisks
  55 yaks
  3 fire elementals
  6 wyverns
  3 hogs
  3 humans
  3 wraiths
  Eustachio (D:6)
  Menkaure (D:4)
  8 steam dragons (Lair:6)
  Grum (D:10)
  A redback simulacrum (D:15)
  6 vampire mosquitoes
  2 hungry ghosts
  An acid dragon (D:11)
  31 nagas
  5 soldier ants (Lair:3)
  A soldier ant (shapeshifter) (D:13)
  2 wargs
  12 water moccasins
  9 ice beasts
  6 porcupines
  23 orc warriors
  6 sky beasts
  2 slaves
  3 phantoms
  2 black bears (D:9)
  5 boggarts (D:15)
  3 necrophages
  12 wolves
  9 ogres
  25 centaurs
  8 crocodiles
  A big kobold (D:13)
  An elf zombie (D:9)
  8 gnoll sergeants (Bailey)
  22 bullfrogs
  4 wyvern zombies
  5 scorpions
  18 killer bees
  2 troll zombies (D:9)
  8 wights
  A troll skeleton (D:9)
  4 howler monkeys
  8 crimson imps
  3 bullfrog zombies
  A quasit (D:9)
  6 centaur zombies
  A bullfrog skeleton (D:5)
  6 gnoll shamans (Bailey)
  10 hounds
  25 orc priests
  4 human zombies (D:9)
  3 jellies
  Crazy Yiuf (D:4)
  Natasha (twice) (D:4)
  5 iguanas
  23 worker ants
  22 orc wizards
  7 hell rats (Lair:6)
  5 ogre zombies (D:9)
  An ogre skeleton (D:9)
  2 hound zombies
  A hound skeleton (D:6)
  2 mummies (D:9)
  A worker ant zombie (D:10)
  14 gnolls (Bailey)
  A howler monkey skeleton (D:8)
  13 adders
  8 shadow imps
  An ooze (D:1)
  An adder zombie (D:8)
  3 worms (D:2)
  7 leopard geckos
  74 orcs
  4 bats
  A giant cockroach (D:4)
  5 goblins
  6 hobgoblins
  18 jackals
  5 quokkas
  2 frilled lizards
  2 goblin skeletons (D:9)
  2 goblin zombies (D:9)
  A hobgoblin skeleton (D:9)
  4 hobgoblin zombies (D:9)
  14 kobolds
  An orc skeleton (D:9)
  10 orc zombies (D:9)
  A quokka skeleton (D:5)
  A rat (D:1)
  A butterfly (Lair:1)
960 creatures vanquished.

Vanquished Creatures (collateral kills)
  A nagaraja (Snake:3)
  2 death yaks (Lair:6)
  A naga sharpshooter (Snake:1)
  2 orc knights (Orc:2)
  2 black mambas (Snake:1)
  A torpor snail (shapeshifter) (D:14)
  A troll (Orc:2)
  2 meliai (D:12)
  A fire elemental (Snake:1)
  6 nagas
  2 hell hounds (Snake:1)
  An orc warrior (Orc:2)
  6 killer bees (D:12)
  An orc priest (Orc:2)
29 creatures vanquished.

Vanquished Creatures (others)
  An unseen horror (D:12)
  A black mamba (Snake:1)
  A human (D:13)
  An iguana (D:14)
  An orc wizard (Orc:2)
  Natasha (D:4)
  A worker ant (D:13)
  3 plants (Lair:6)
  3 withered plants (D:10)
13 creatures vanquished.

Grand Total: 1002 creatures vanquished

Notes
Turn   | Place    | Note
-------+----------+-------------------------------------------
     0 | D:1      | D1HalberdGnoll the Human Berserker began the quest for the
                  | Orb.
     0 | D:1      | Reached XP level 1. HP: 18/18 MP: 1/1
   116 | D:1      | Reached XP level 2. HP: 13/24 MP: 2/2
  1264 | D:2      | Reached XP level 3. HP: 10/29 MP: 3/3
  1520 | D:2      | Found a sparkling altar of Nemelex Xobeh.
  1892 | D:2      | Reached ** piety under Trog
  2156 | D:2      | Found a bloodstained altar of Trog.
  2501 | D:2      | Reached XP level 4. HP: 35/35 MP: 4/4
  3404 | D:3      | Found Gozag's Platinum Reserve.
  3405 | D:3      | Found an opulent altar of Gozag.
  4029 | D:4      | Noticed a phantom
  4243 | D:4      | Killed a phantom
  4243 | D:4      | Reached XP level 5. HP: 20/42 MP: 5/5
  4305 | D:4      | Reached XP level 6. HP: 36/48 MP: 6/6
  4436 | D:4      | Noticed a slave
  4436 | D:4      | Noticed a slave
  4443 | D:4      | Noticed a slave
  4447 | D:4      | Noticed a slave
  4449 | D:4      | Killed a slave
  4459 | D:4      | Noticed Pikel
  4480 | D:3      | Killed a slave
  4670 | D:3      | Killed Pikel
  4670 | D:3      | Reached skill level 4 in Fighting
  4670 | D:3      | Reached skill level 5 in Long Blades
  4670 | D:3      | Reached XP level 7. HP: 55/55 MP: 7/7
  4747 | D:4      | Found a shattered altar of Ashenzari.
  4888 | D:4      | Noticed Menkaure
  4895 | D:4      | Killed Menkaure
  4895 | D:4      | Reached XP level 8. HP: 52/61 MP: 8/8
  5082 | D:4      | Noticed Natasha
  5090 | D:4      | Killed Natasha
  5100 | D:4      | Reached skill level 5 in Fighting
  5161 | D:4      | Killed Natasha
  5358 | D:4      | Found a runed translucent door.
  5359 | D:4      | Noticed Crazy Yiuf
  5764 | D:4      | Killed Crazy Yiuf
  5854 | D:4      | Found a shattered altar of Ashenzari.
  5867 | D:4      | Noticed Natasha
  5879 | D:4      | Killed Natasha
  7120 | D:4      | Found a shattered altar of Ashenzari.
  7380 | D:4      | Found a shattered altar of Ashenzari.
  7963 | D:5      | Entered Level 5 of the Dungeon
  8029 | D:5      | Found a staircase to the Ecumenical Temple.
  8417 | D:5      | Reached skill level 5 in Dodging
  8913 | D:5      | Reached skill level 5 in Armour
  8913 | D:5      | Reached XP level 9. HP: 68/68 MP: 9/9
  9346 | D:6      | Found Baptugusk's Assorted Antiques.
  9520 | D:6      | Noticed Eustachio
  9530 | D:6      | Reached skill level 6 in Fighting
  9690 | D:6      | Killed Eustachio
  9898 | D:6      | Reached *** piety under Trog
  9980 | D:6      | Noticed Prince Ribbit
 10309 | D:6      | Reached XP level 10. HP: 22/77 MP: 10/10
 10859 | D:6      | Found a stormy altar of Qazlal.
 10863 | D:6      | Killed Prince Ribbit
 10922 | D:6      | Found a bloodstained altar of Trog.
 10927 | D:6      | Found a basalt altar of Yredelemnul.
 11252 | D:7      | Reached skill level 7 in Fighting
 11981 | D:8      | Noticed Psyche
 11993 | D:8      | Killed Psyche
 11993 | D:8      | Reached skill level 1 in Shields
 12111 | D:8      | Noticed Erica
 12125 | D:8      | Killed Erica
 12125 | D:8      | Reached skill level 10 in Long Blades
 12317 | D:8      | Reached **** piety under Trog
 12498 | D:8      | Reached XP level 11. HP: 84/84 MP: 11/11
 12870 | D:9      | Noticed Harold
 13151 | D:9      | Killed Harold
 13323 | D:9      | Reached skill level 8 in Fighting
 13398 | D:9      | Found a staircase to the Orcish Mines.
 13699 | D:9      | Found an ancient bone altar of Kikubaaqudgha.
 13730 | D:9      | Reached ***** piety under Trog
 13764 | D:9      | Received a gift from Trog
 13879 | D:9      | Noticed Gastronok
 13892 | D:9      | Killed Gastronok
 13963 | D:9      | Found an iron altar of Okawaru.
 14099 | D:9      | Reached XP level 12. HP: 94/94 MP: 12/12
 14307 | D:10     | Entered Level 10 of the Dungeon
 14419 | D:10     | Noticed Grum
 14424 | D:10     | Killed Grum
 14628 | D:10     | Reached skill level 5 in Shields
 14709 | D:10     | Found a flagged portal.
 14719 | D:10     | Noticed Urug
 14732 | D:10     | Killed Urug
 14767 | Bailey   | Entered a bailey
 14844 | Bailey   | Reached skill level 9 in Fighting
 14849 | Bailey   | Received a gift from Trog
 15417 | D:10     | Noticed Fannar
 15430 | D:10     | Killed Fannar
 15635 | D:10     | Found a runed translucent gate.
 15635 | D:10     | Found a runed translucent gate.
 15635 | D:10     | Found a runed translucent gate.
 15635 | D:10     | Noticed krabocopter's ghost (journeyman GrFi)
 15636 | D:10     | Noticed Gumption's ghost (journeyman TrHu)
 16618 | D:11     | Found a staircase to the Lair.
 17757 | Lair:1   | Entered Level 1 of the Lair of Beasts
 17894 | Lair:1   | Reached XP level 13. HP: 91/101 MP: 13/13
 17957 | Lair:1   | Got an ichor-stained scale mail
 18722 | Lair:2   | Identified the cursed +1 scale mail of the Blind Marksman
                  | {rF- Int+8} (You found it on level 1 of the Lair of Beasts)
 18741 | Lair:2   | Found a staircase to the Shoals.
 18899 | Lair:2   | Noticed a seven-headed hydra
 18908 | Lair:2   | Killed a three-headed hydra
 19014 | Lair:2   | Reached skill level 10 in Fighting
 19218 | Lair:3   | Received a gift from Trog
 19261 | Lair:3   | Noticed Nergalle
 19293 | Lair:3   | Killed Nergalle
 19617 | Lair:3   | Reached skill level 10 in Armour
 20334 | Lair:3   | Noticed an eight-headed hydra
 20345 | Lair:3   | Killed a five-headed hydra
 20517 | Lair:3   | Found a staircase to the Snake Pit.
 20962 | Lair:4   | Noticed a seven-headed hydra
 20971 | Lair:4   | Killed a two-headed hydra
 21582 | Lair:4   | Reached XP level 14. HP: 67/111 MP: 14/14
 22103 | Lair:4   | Got an amethyst-encrusted chain mail
 22213 | Lair:4   | Identified the cursed +0 chain mail "Moakeixt" {*Corrode
                  | rC+ Regen+ Str+2} (You found it on level 4 of the Lair of
                  | Beasts)
 22375 | Lair:5   | Reached skill level 11 in Fighting
 22398 | Lair:5   | Received a gift from Trog
 22828 | Lair:5   | Got a polished scale mail
 22987 | Lair:5   | Reached skill level 1 in Evocations
 23202 | Lair:5   | Identified the cursed +1 scale mail "Muacelim" {rElec rPois
                  | Regen+} (You found it on level 5 of the Lair of Beasts)
 23225 | Lair:6   | Entered Level 6 of the Lair of Beasts
 23257 | Lair:6   | Found a staircase to the Slime Pits.
 24211 | Lair:6   | Received a gift from Trog
 25010 | Lair:6   | Reached skill level 12 in Fighting
 25019 | Lair:6   | Reached skill level 10 in Shields
 25205 | Lair:6   | Reached skill level 5 in Evocations
 25205 | Lair:6   | Reached XP level 15. HP: 114/120 MP: 18/18
 25242 | Lair:6   | Got a transparent copper ring
 25245 | Lair:6   | Identified the ring "Wamaqo" {rN+ Dex+2} (You found it on
                  | level 6 of the Lair of Beasts)
 25710 | D:12     | Found Exiudo's Distillery.
 25718 | D:12     | Bought a potion of lignification for 48 gold pieces
 25718 | D:12     | Bought a potion of resistance for 160 gold pieces
 26633 | D:13     | Noticed Sonja
 26750 | D:13     | Noticed Sonja
 26750 | D:13     | Sonja changed into Sonja the troll
 26758 | D:13     | Killed Sonja the troll
 26829 | D:13     | Noticed Kirke
 26855 | D:13     | Killed Kirke
 27133 | D:13     | Noticed Snorg
 27155 | D:13     | Killed Snorg
 27915 | D:13     | Found a gate to the Vaults.
 28146 | D:13     | Found Wyn Wuumia's Antique Armour Boutique.
 28154 | D:13     | Bought a pair of glowing gloves for 180 gold pieces
 29050 | D:14     | Reached skill level 13 in Fighting
 29205 | D:14     | Noticed a fire giant
 29214 | D:14     | Killed a fire giant
 29214 | D:14     | Reached XP level 16. HP: 98/130 MP: 21/21
 29291 | D:14     | Found the +9 staff of Olgreb {rPois}
 29510 | D:14     | Noticed a sphinx
 29540 | D:14     | Killed a sphinx
 29771 | D:14     | Found the +2 cloak of the Thief {+Fog Slay-2 SInv Stlth+}
 29826 | D:14     | Got a bloodstained leather armour
 29835 | D:14     | Identified a scroll of acquirement
 30529 | D:15     | Entered Level 15 of the Dungeon
 31709 | D:15     | Reached XP level 17. HP: 42/138 MP: 23/23
 31843 | D:15     | Found a staircase to the Depths.
 32030 | Orc:1    | Entered Level 1 of the Orcish Mines
 32065 | Orc:1    | Found Ekluh's Armour Shoppe.
 32111 | Orc:1    | Found Lazapar's Book Emporium.
 32265 | Orc:1    | Found Ligazxej's Armour Shop.
 32267 | Orc:1    | Found Tusist's Antique Armour Boutique.
 32273 | Orc:1    | Bought the +3 pair of gloves of the Failed Coup {+Blink
                  | rPois MR+++ Int-5} for 576 gold pieces
 32273 | Orc:1    | Bought the +2 shield of Resistance {rF+ rC+ MR+} for 616
                  | gold pieces
 32273 | Orc:1    | Found the +2 shield of Resistance {rF+ rC+ MR+}
 32454 | Orc:2    | Entered Level 2 of the Orcish Mines
 32478 | Orc:2    | Reached skill level 14 in Fighting
 32551 | Orc:2    | Noticed Maurice
 32576 | Orc:2    | Killed Maurice
 32721 | Orc:1    | Found Sujetsic's Magic Scroll Boutique.
 32734 | Orc:1    | Bought a scroll of enchant weapon for 105 gold pieces
 33153 | Orc:2    | Found a staircase to the Elven Halls.
 33182 | Orc:2    | Noticed Erolcha
 33183 | Orc:2    | Noticed Jorgrun
 33193 | Orc:2    | Killed Erolcha
 33212 | Orc:2    | Killed Jorgrun
 33728 | Orc:2    | Found Hiank's Jewellery Shoppe.
 33728 | Orc:2    | Found Feovuiba's Antique Armour Boutique.
 33730 | Orc:2    | Found Mufe's Food Shoppe.
 33730 | Orc:2    | Found Kypluimn's Assorted Antiques.
 33739 | Orc:2    | Bought a scroll labeled AWOIJIUCRE for 23 gold pieces
 33739 | Orc:2    | Bought a scroll of blinking for 172 gold pieces
 33741 | Orc:2    | Bought a glowing helmet for 292 gold pieces
 33811 | Elf:1    | Entered Level 1 of the Elven Halls
 34053 | Elf:1    | Reached skill level 10 in Evocations
 34393 | Elf:1    | Identified the Collected Works on Arcane Weapons
 35085 | Snake:1  | Entered Level 1 of the Snake Pit
 35087 | Snake:1  | Noticed Azrael
 35130 | Snake:1  | Killed Azrael
 35397 | Snake:1  | Received a gift from Trog
 35766 | Snake:1  | You fall into a shaft and drop 1 floor!
 36012 | Snake:2  | You fall into a shaft and drop 1 floor!
 36043 | Snake:3  | Reached skill level 15 in Fighting
 36179 | Snake:3  | Reached XP level 18. HP: 96/149 MP: 25/25
 37570 | Snake:1  | Found a runed translucent gate.
 37571 | Snake:1  | Found a runed translucent gate.
 37718 | Snake:1  | Found an opulent altar of Gozag.
 37720 | Snake:1  | Found a runed translucent gate.
 37720 | Snake:1  | Noticed EnegeticOcto's ghost (journeyman MiVM)
 37721 | Snake:1  | Found Cebeg's Assorted Antiques.
 38244 | Snake:2  | Received a gift from Trog
 38308 | Snake:2  | Paralysed by fainting for 9 turns
 38310 | Snake:2  | Slain by a naga warrior

Levels and vault maps discovered:
D:1:      elethiomel_arrival_infinity_welcomes_careful_drivers, layout_basic,
          minmay_tetromino_l2
D:2:      layout_loops_ring, nemelex_xobeh_ov_fountains_minmay,
          trog_three_pillars_becter
D:3:      kennysheep_big_flooded_room, layout_loops_corners,
          nicolae_gozag_zags_fifth_avenue
D:4:      minmay_chambers_of_twos, layout_loops_ring,
          nicolae_ashenzari_panopticon, first_ration, uniq_crazy_yiuf_cottage,
          uniq_natasha, uniq_menkaure, uniq_pikel
D:5:      layout_basic, minmay_temple_entry_tees, kennysheep_boxes
D:6:      layout_basic, minmay_overflow_temple_star_quad, serial_shops, shop,
          uniq_eustachio, uniq_prince_ribbit1
D:7:      layout_rooms
D:8:      minmay_evil_eye, layout_rooms, grunt_livestock, uniq_psyche,
          uniq_erica
D:9:      layout_irregular_city, lemuel_mausoleum_altar_kikubaaqudgha,
          nicolae_overflow_crystal_walls, zombieorc1_lemuel, uniq_harold,
          uniq_gastronok
D:10:     layout_loops_corners, enter_bailey_2, gammafunk_ghost_cemetery,
          uniq_urug, uniq_grum, uniq_fannar
D:11:     layout_layer_cave, david_lair_generic
D:12:     layout_loops_ring, special_room [special_room_bee], serial_shops, shop
D:13:     layout_loops_corners, grunt_vaults_entry_fortified, serial_shops,
          nicolae_shop_crystal, minmay_hollow_rounded_squares, uniq_sonja,
          uniq_snorg, uniq_kirke
D:14:     cheibrodos_leafed_vault, layout_irregular_city,
          infiniplex_staircase_diamond
D:15:     grunt_enter_depths_magical_seal, layout_loops_ring, chequers_arboretum
Lair:1:   layout_loops_ring, st_stairs_10, lemuel_fruit_fields,
          grunt_megastairs_4
Lair:2:   layout_hall_layers, shoals_dummy_entry
Lair:3:   layout_long_grid, minmay_snake_entry_guardpost_small,
          wad_woods_antlair, uniq_nergalle
Lair:4:   layout_layer_cave, serial_bayou_shore_b
Lair:5:   layout_small_grid, minivault_25, lemuel_fruit_fields,
          serial_bayou_shore_b, infiniplex_staircase_pool
Lair:6:   evilmike_catoblepas_cave, layout_hall_layers,
          minmay_slime_entry_pillars, bobbens_dragon_lair_wall
Snake:1:  layout_gridlike, ebering_ghost_gozag, grunt_megastairs_1, uniq_azrael
Snake:2:  layout_cave_shapes
Snake:3:  layout_grid_maze
Orc:1:    layout_caves, serial_shops, shop, shop_statue, shop, shop,
          shop_fountains
Orc:2:    grunt_orc_tribal_feast, layout_caves, uniq_erolcha, uniq_jorgrun,
          uniq_maurice
Elf:1:    layout_geoelf_diagonals, minmay_elf_annihilation

Skill      XL: |  1  2  3  4  5  6  7  8  9 10 11 12 13 14 15 16 17 18 |
---------------+-------------------------------------------------------+-----
Long Blades    | 4 5 6 7 8 10 11 12 14 | 14.0
Armour         | 3 4 5 6 7 8 9 10 11 12 13 14 | 14.0
Dodging        | 3 4 5 6 7 8 |  8.1
Fighting       | 4 5 6 7 8 9 10 12 13 15 | 15.7
Shields        | 2 4 6 8 10 11 12 13 14 | 14.5
Evocations     | 5 7 9 10 | 10.0

Action                   |  1- 3 |  4- 6 |  7- 9 | 10-12 | 13-15 | 16-18 || total
-------------------------+-------+-------+-------+-------+-------+-------++-------
Melee: Falchion          |   106 |   126 |   297 |       |       |       ||   529
       Scimitar          |       |       |    71 |   736 |  1215 |  1509 ||  3531
Throw: Javelin           |       |     1 |       |     1 |    12 |     1 ||    15
Invok: Berserk           |     3 |     4 |     8 |    12 |    16 |    20 ||    63
       Trog's Hand       |       |     2 |     6 |     9 |    22 |    37 ||    76
       Brothers in Arms  |       |       |       |       |     5 |     5 ||    10
Evoke: Wand              |       |       |       |     1 |     1 |     2 ||     4
       Box of beasts     |       |       |       |       |     1 |     5 ||     6
       Lightning rod     |       |       |       |       |       |     1 ||     1
  Use: Scroll            |       |     8 |     2 |     7 |    17 |     9 ||    43
       Potion            |       |       |       |     1 |     5 |     2 ||     8
 Stab: Sleeping          |     1 |       |       |       |       |       ||     1
       Invisible         |       |       |       |     1 |       |       ||     1
       Distracted        |       |       |       |       |       |     2 ||     2
  Eat: Chunk             |     3 |     7 |    12 |    26 |    38 |    32 ||   118
       Ration            |     1 |     1 |     5 |     4 |     8 |     9 ||    28
Armor: Animal skin       |    12 |       |       |       |       |       ||    12
       Ring mail         |     9 |       |       |       |       |       ||     9
       Chain mail        |       |    68 |   208 |    90 |       |       ||   366
       Scale mail        |       |       |       |   195 |   333 |   293 ||   821
Dodge: Dodged            |    67 |    58 |   177 |   307 |   541 |   533 ||  1683
Block: Shield            |       |       |       |   300 |   634 |   939 ||  1873
       Rpst.: Falchion   |    26 |    22 |    50 |       |       |       ||    98
       Scimitar          |       |       |     4 |    75 |   121 |   114 ||   314

Table legend:
 A = Non-vault XP
 B = Vault XP
 C = Vault XP percentage of total XP
 D = Non-vault monster count
 E = Vault monster count
 F = Vault count percentage of total count
                 A         B        C        D         E       F
            +---------+---------+-------+---------+---------+-------
      Total |  147045 |   85023 |  36.6 |     691 |     295 |  29.9
            +---------+---------+-------+---------+---------+-------
        D:1 |      22 |       2 |   8.3 |      10 |       1 |   9.1
        D:2 |      57 |       0 |   0.0 |      19 |       0 |   0.0
        D:3 |      37 |     633 |  94.5 |      14 |       3 |  17.6
        D:4 |     396 |     316 |  44.4 |      11 |       8 |  42.1
        D:5 |     927 |       0 |   0.0 |      20 |       0 |   0.0
        D:6 |    1757 |     474 |  21.2 |      42 |       2 |   4.5
        D:7 |    1138 |       0 |   0.0 |      23 |       0 |   0.0
        D:8 |     691 |    2447 |  78.0 |      13 |      10 |  43.5
        D:9 |    2861 |    4449 |  60.9 |      36 |      42 |  53.8
       D:10 |    1757 |    2298 |  56.7 |      24 |       5 |  17.2
       D:11 |    3658 |    1131 |  23.6 |      38 |       4 |   9.5
       D:12 |    3300 |    1995 |  37.7 |      25 |      24 |  49.0
       D:13 |    7762 |   15353 |  66.4 |      32 |      26 |  44.8
       D:14 |   14819 |   12234 |  45.2 |      43 |      18 |  29.5
       D:15 |   19856 |    4242 |  17.6 |      48 |       9 |  15.8
     Lair:1 |    1969 |    1236 |  38.6 |       7 |       6 |  46.2
     Lair:2 |    4836 |       0 |   0.0 |      22 |       0 |   0.0
     Lair:3 |    4374 |    3161 |  42.0 |      20 |      17 |  45.9
     Lair:4 |    4079 |       0 |   0.0 |      15 |       0 |   0.0
     Lair:5 |    3395 |       0 |   0.0 |      13 |       0 |   0.0
     Lair:6 |    8024 |   15990 |  66.6 |      32 |      45 |  58.4
    Snake:1 |   24081 |    3267 |  11.9 |      53 |       8 |  13.1
    Snake:2 |   15312 |       0 |   0.0 |      35 |       0 |   0.0
    Snake:3 |    5528 |       0 |   0.0 |      12 |       0 |   0.0
      Orc:1 |    2752 |       0 |   0.0 |      26 |       0 |   0.0
      Orc:2 |    4481 |   11052 |  71.2 |      42 |      32 |  43.2
      Elf:1 |    9176 |    3523 |  27.7 |      16 |       5 |  23.8
     Bailey |       0 |    1220 | 100.0 |       0 |      30 | 100.0
            +---------+---------+-------+---------+---------+-------
